[Event "Czech Youth U16 Girls 2024"]
[Site "Kouty nad Desnou"]
[Date "2024.03.09"]
[Round "1.1"]
[White "Zadrapova, Amalie"]
[Black "Cinkova, Vicky"]
[Result "0-1"]
[ECO "C42"]
[WhiteElo "1857"]
[BlackElo "1682"]
[Annotator "NA RC"]
[PlyCount "80"]
[EventDate "2024.03.10"]
[EventType "swiss"]
[EventRounds "9"]
[EventCountry "CZE"]
[SourceTitle "playchess.com"]
[Source "ChessBase"]
[SourceQuality "1"]
[TimeControl "40/5400+30:1800+30"]

1. e4 e5 2. Nf3 Nf6 3. Nxe5 d6 4. Nf3 Nxe4 5. Nc3 Nxc3 6. dxc3 Be7 7. Be3 Nc6 8. Qd2 Be6 9. O-O-O Bf6 10. Kb1 a6 11. Bd3 Qd7 12. Ng5 O-O-O 13. Nxe6 Qxe6 14. Rhe1 Qg4 15. f4 Kb8 16. h3 Qd7 17. Bf2 Rde8 18. Be4 g6 19. c4 Ne7 20. Bg1 Bh4 21. g3 Bf6 22. Qf2 Nc8 23. Rd3 Qa4 24. Rb3 b6 25. Bd3 Rxe1+ 26. Qxe1 Re8 27. Qf1 Qc6 28. a3 a5 29. Ka2 a4 30. Rb4 Qd7 31. Qf3 c5 32. Rb5 Qb7 33. Qf2 Na7 34. Qf1 Nxb5 35. cxb5 Bh8 36. Bc4 d5 37. Be2 Qe7 38. Bf3 Qe1 39. Qd3 Qc1 40. c3 Re1 0-1

[Event "Czech Youth U16 Girls 2024"]
[Site "Kouty nad Desnou"]
[Date "2024.03.09"]
[Round "1.2"]
[White "Mikesova, Lenka"]
[Black "Kaplanova, Dominika"]
[Result "0-1"]
[ECO "B15"]
[WhiteElo "1665"]
[BlackElo "1837"]
[Annotator "NA RC"]
[PlyCount "76"]
[EventDate "2024.03.10"]
[EventType "swiss"]
[EventRounds "9"]
[EventCountry "CZE"]
[SourceTitle "playchess.com"]
[Source "ChessBase"]
[SourceQuality "1"]
[TimeControl "40/5400+30:1800+30"]

1. e4 c6 2. d4 d5 3. Nc3 dxe4 4. Nxe4 Nf6 5. Nxf6+ exf6 6. Nf3 Bd6 7. Bc4 O-O 8. O-O Nd7 9. Bb3 Re8 10. Be3 Nf8 11. c3 Ng6 12. Qd2 Bg4 13. Ne1 Qc7 14. h3 Bd7 15. Nf3 Qc8 16. h4 Bg4 17. Nh2 Nxh4 18. g3 Nf3+ 19. Nxf3 Bxf3 20. Bd1 Bxd1 21. Raxd1 Qg4 22. Kg2 Qe4+ 23. Kh2 Qf3 24. Rg1 Re4 25. Rg2 Rae8 26. Re1 f5 27. Qd1 Qxd1 28. Rxd1 f4 29. gxf4 Bxf4+ 30. Bxf4 Rxf4 31. d5 c5 32. Kg3 Rf6 33. d6 Rd8 34. d7 Rg6+ 35. Kf3 Rxg2 36. Kxg2 Kf8 37. Rd5 b6 38. Rh5 h6 0-1

[Event "Czech Youth U16 Girls 2024"]
[Site "Kouty nad Desnou"]
[Date "2024.03.09"]
[Round "1.3"]
[White "Brezikova, Beata"]
[Black "Kavanova, Anezka"]
[Result "1-0"]
[ECO "B23"]
[WhiteElo "1804"]
[BlackElo "1661"]
[Annotator "NA RC"]
[PlyCount "41"]
[EventDate "2024.03.10"]
[EventType "swiss"]
[EventRounds "9"]
[EventCountry "CZE"]
[SourceTitle "playchess.com"]
[Source "ChessBase"]
[SourceQuality "1"]
[TimeControl "40/5400+30:1800+30"]

1. e4 c5 2. Nc3 e6 3. Nge2 d5 4. exd5 exd5 5. d4 Nc6 6. g3 c4 7. Bg2 Bb4 8. O-O Nge7 9. Nf4 Bxc3 10. bxc3 Bf5 11. Ba3 Qd7 12. Qc1 g5 13. Nh5 O-O-O 14. Re1 Bg4 15. Nf6 Qf5 16. Nxg4 Qxg4 17. Bxe7 Nxe7 18. Rxe7 h5 19. Qa3 Kb8 20. Rb1 Rd7 21. Bxd5 1-0

[Event "Czech Youth U16 Girls 2024"]
[Site "Kouty nad Desnou"]
[Date "2024.03.09"]
[Round "1.4"]
[White "Lackova, Ludmila"]
[Black "Dudkova, Josefina"]
[Result "1-0"]
[ECO "D35"]
[WhiteElo "1652"]
[BlackElo "1796"]
[Annotator "NA RC"]
[PlyCount "93"]
[EventDate "2024.03.10"]
[EventType "swiss"]
[EventRounds "9"]
[EventCountry "CZE"]
[SourceTitle "playchess.com"]
[Source "ChessBase"]
[SourceQuality "1"]
[TimeControl "40/5400+30:1800+30"]

1. d4 Nf6 2. c4 e6 3. Nc3 d5 4. cxd5 Nxd5 5. e4 Nxc3 6. bxc3 a6 7. Be3 b6 8. Bd3 Bb7 9. Nf3 Nd7 10. O-O c5 11. Rc1 Qc7 12. Qb3 b5 13. Qb2 c4 14. Bc2 Nf6 15. a4 Bc6 16. axb5 axb5 17. Ne5 Ba3 18. Qb1 Bxc1 19. Rxc1 h6 20. Qb4 Nd7 21. Nxc6 Qxc6 22. f3 f6 23. e5 Qb6 24. exf6 Nxf6 25. Bg6+ Kd7 26. Re1 Nd5 27. Qb2 Qa5 28. Bd2 Rhb8 29. Qc2 Qa2 30. Qe4 Ra6 31. Bf4 Rbb6 32. Qe5 Qa3 33. Bg3 Qe7 34. Be4 Qf6 35. Qh5 Nxc3 36. d5 Nxe4 37. dxe6+ Rxe6 38. Qxb5+ Ke7 39. Qb7+ Kf8 40. fxe4 Rac6 41. Rf1 c3 42. Be5 Rxe5 43. Qxc6 Qxf1+ 44. Kxf1 Re7 45. Qxc3 Kf7 46. Qc4+ Kf6 47. Kf2 1-0

[Event "Czech Youth U16 Girls 2024"]
[Site "Kouty nad Desnou"]
[Date "2024.03.09"]
[Round "1.5"]
[White "Sikorova, Jana"]
[Black "Stavova, Marketa"]
[Result "1-0"]
[ECO "D43"]
[WhiteElo "1788"]
[BlackElo "1641"]
[Annotator "NA RC"]
[PlyCount "53"]
[EventDate "2024.03.10"]
[EventType "swiss"]
[EventRounds "9"]
[EventCountry "CZE"]
[SourceTitle "playchess.com"]
[Source "ChessBase"]
[SourceQuality "1"]
[TimeControl "40/5400+30:1800+30"]

1. d4 d5 2. c4 e6 3. Nf3 c6 4. Nc3 Nf6 5. Bg5 h6 6. Bh4 Be7 7. e3 Nbd7 8. Bd3 O-O 9. Rc1 b6 10. cxd5 exd5 11. O-O Bb7 12. Qe2 b5 13. h3 Re8 14. Rc2 Qb6 15. Rfc1 a6 16. a3 Rad8 17. Bg3 Bf8 18. Ne5 Nxe5 19. Bxe5 Nd7 20. Bg3 Be7 21. Qf3 Nf6 22. Bf4 Kh8 23. Ne2 Rf8 24. Ng3 Ne8 25. Nf5 Bf6 26. Qh5 Nc7 27. Nxh6 1-0

[Event "Czech Youth U16 Girls 2024"]
[Site "Kouty nad Desnou"]
[Date "2024.03.09"]
[Round "1.6"]
[White "Zelenkova, Sofie"]
[Black "Vacekova, Anita"]
[Result "0-1"]
[ECO "A06"]
[WhiteElo "1636"]
[BlackElo "1783"]
[Annotator "NA RC"]
[PlyCount "58"]
[EventDate "2024.03.10"]
[EventType "swiss"]
[EventRounds "9"]
[EventCountry "CZE"]
[SourceTitle "playchess.com"]
[Source "ChessBase"]
[SourceQuality "1"]
[TimeControl "40/5400+30:1800+30"]

1. Nf3 d5 2. g3 Nf6 3. d4 Bg4 4. Bg2 e6 5. O-O Be7 6. c4 O-O 7. Nc3 c6 8. c5 Nbd7 9. b4 b6 10. Bb2 Rb8 11. Qd2 Bxf3 12. Bxf3 e5 13. e3 e4 14. Bg2 bxc5 15. bxc5 h5 16. Rab1 h4 17. Ne2 Nh7 18. Bc3 Ndf6 19. Ba5 Qd7 20. Rb4 Ng5 21. f3 Rxb4 22. Bxb4 exf3 23. Bxf3 Nxf3+ 24. Rxf3 Ne4 25. Qe1 Rb8 26. Ba3 Bg5 27. Nc3 Qg4 28. Nxe4 Qxe4 29. Rf1 Bxe3+ 0-1

[Event "Czech Youth U16 Girls 2024"]
[Site "Kouty nad Desnou"]
[Date "2024.03.09"]
[Round "1.7"]
[White "Dobsa, Emma"]
[Black "Holatova, Irena"]
[Result "1-0"]
[ECO "C55"]
[WhiteElo "1750"]
[BlackElo "1608"]
[Annotator "NA RC"]
[PlyCount "79"]
[EventDate "2024.03.10"]
[EventType "swiss"]
[EventRounds "9"]
[EventCountry "CZE"]
[SourceTitle "playchess.com"]
[Source "ChessBase"]
[SourceQuality "1"]
[TimeControl "40/5400+30:1800+30"]

1. e4 e5 2. Nf3 Nc6 3. Bc4 Nf6 4. d3 Be7 5. O-O O-O 6. Re1 d6 7. a4 Na5 8. Ba2 c5 9. c3 Nc6 10. Na3 h6 11. Bd2 Bg4 12. Nc2 Qd7 13. Ne3 Be6 14. Bxe6 Qxe6 15. Nf5 Rad8 16. c4 Rfe8 17. N3h4 Bf8 18. Re3 g6 19. Rg3 Kh7 20. Bxh6 Bxh6 21. Nxh6 Kxh6 22. Qd2+ Kh7 23. Nf5 gxf5 24. Qg5 Ng4 25. Rh3+ Nh6 26. exf5 Rg8 27. Qh4 Rg4 28. Qxg4 Qf6 29. Qe4 Kg8 30. g4 Kf8 31. Rg3 Qg5 32. Kg2 Ke7 33. Rh1 Kd7 34. h4 Qg7 35. g5 Ng8 36. h5 Kc8 37. h6 Qh7 38. g6 fxg6 39. fxg6 Qe7 40. h7 1-0

[Event "Czech Youth U16 Girls 2024"]
[Site "Kouty nad Desnou"]
[Date "2024.03.09"]
[Round "1.8"]
[White "Souralova, Jana"]
[Black "Dorazilova, Kristyna"]
[Result "0-1"]
[ECO "C42"]
[WhiteElo "1597"]
[BlackElo "1722"]
[Annotator "NA RC"]
[PlyCount "84"]
[EventDate "2024.03.10"]
[EventType "swiss"]
[EventRounds "9"]
[EventCountry "CZE"]
[SourceTitle "playchess.com"]
[Source "ChessBase"]
[SourceQuality "1"]
[TimeControl "40/5400+30:1800+30"]

1. e4 e5 2. Nf3 Nf6 3. Nc3 Bb4 4. Bc4 d6 5. d3 h6 6. h3 O-O 7. O-O Nc6 8. Ne2 Re8 9. Be3 Ne7 10. c3 Ba5 11. Qc2 Ng6 12. Rad1 Be6 13. Bxe6 Rxe6 14. Ng3 Qe8 15. Rfe1 Bb6 16. d4 Rd8 17. d5 Re7 18. c4 Bxe3 19. Rxe3 c6 20. Rc3 Rc7 21. Rc1 Rdc8 22. Qb3 c5 23. Qc2 Nf4 24. Nf5 Qd7 25. Ra3 g6 26. Ne3 a6 27. Kf1 N6h5 28. Ng1 Qe7 29. g4 Ng7 30. Ng2 Nxg2 31. Kxg2 h5 32. f3 Rf8 33. Qd2 f5 34. g5 h4 35. Qe1 Qxg5+ 36. Kh2 Nh5 37. Ne2 fxe4 38. fxe4 Rcf7 39. Qg1 Rf2+ 40. Kh1 Qxg1+ 41. Nxg1 Ng3+ 42. Rxg3 hxg3 0-1

[Event "Czech Youth U16 Girls 2024"]
[Site "Kouty nad Desnou"]
[Date "2024.03.09"]
[Round "1.9"]
[White "Dominikova, Denisa"]
[Black "Dlaskova, Eliska"]
[Result "1-0"]
[ECO "C02"]
[WhiteElo "1716"]
[BlackElo "1526"]
[Annotator "NA RC"]
[PlyCount "81"]
[EventDate "2024.03.10"]
[EventType "swiss"]
[EventRounds "9"]
[EventCountry "CZE"]
[SourceTitle "playchess.com"]
[Source "ChessBase"]
[SourceQuality "1"]
[TimeControl "40/5400+30:1800+30"]

1. e4 e6 2. d4 d5 3. e5 c5 4. c3 Qb6 5. Nf3 Nc6 6. Be2 Nh6 7. Bxh6 Qxb2 8. Be3 cxd4 9. Nxd4 Qxa1 10. Qc2 Nxd4 11. Bxd4 Ba3 12. O-O Qb2 13. Nxa3 Qxa3 14. c4 Bd7 15. cxd5 Rc8 16. Qb1 Qa4 17. dxe6 fxe6 18. Be3 Bc6 19. Bh5+ Kd8 20. Qd3+ Bd5 21. Bf3 Qxa2 22. Rd1 Qc4 23. Bg5+ Kd7 24. Qa3 Qc5 25. Qb3 Qb6 26. Bxd5 Qxb3 27. Bxb3+ Kc7 28. Bxe6 Rce8 29. Bg4 Kc6 30. Bd7+ Kb6 31. Bxe8 Rxe8 32. Be3+ Kc6 33. f4 b6 34. Kf2 a6 35. Rd6+ Kb5 36. Rxb6+ Ka5 37. e6 Rf8 38. Rb7 Ka4 39. e7 Re8 40. Bc5 a5 41. Rd7 1-0

[Event "Czech Youth U16 Girls 2024"]
[Site "Kouty nad Desnou"]
[Date "2024.03.09"]
[Round "1.10"]
[White "Urvalkova, Ema"]
[Black "Hetfleischova, Elen"]
[Result "0-1"]
[ECO "B35"]
[WhiteElo "1496"]
[BlackElo "1699"]
[Annotator "NA RC"]
[PlyCount "82"]
[EventDate "2024.03.10"]
[EventType "swiss"]
[EventRounds "9"]
[EventCountry "CZE"]
[SourceTitle "playchess.com"]
[Source "ChessBase"]
[SourceQuality "1"]
[TimeControl "40/5400+30:1800+30"]

1. e4 c5 2. Nf3 Nc6 3. d4 cxd4 4. Nxd4 g6 5. Nc3 Bg7 6. Be3 Nf6 7. Bc4 O-O 8. Bb3 d6 9. f3 Bd7 10. Qd2 a6 11. g4 b5 12. h4 h5 13. gxh5 Nxh5 14. Rg1 Kh7 15. O-O-O b4 16. Nd5 a5 17. Nxc6 Bxc6 18. Nf4 a4 19. Bc4 b3 20. cxb3 a3 21. bxa3 Ra5 22. a4 Qc7 23. Rg5 Rxg5 24. hxg5 Bxa4 25. Rh1 d5 26. Nxh5 gxh5 27. exd5 Qe5 28. Qd3+ Kg8 29. bxa4 Qa1+ 30. Qb1 Qc3+ 31. Kd1 Qxe3 32. Be2 Qxg5 33. Qb3 Rc8 34. Ke1 Rc1+ 35. Bd1 Qg3+ 36. Kd2 Bh6+ 37. Kd3 Qg6+ 38. Kd4 Qf6+ 39. Ke4 Qg6+ 40. Kd4 Bg7+ 41. Ke3 Rc3+ 0-1

[Event "Czech Youth U16 Girls 2024"]
[Site "Kouty nad Desnou"]
[Date "2024.03.10"]
[Round "2.1"]
[White "Kaplanova, Dominika"]
[Black "Dominikova, Denisa"]
[Result "0-1"]
[ECO "D37"]
[WhiteElo "1837"]
[BlackElo "1716"]
[Annotator "NA RC"]
[PlyCount "112"]
[EventDate "2024.03.10"]
[EventType "swiss"]
[EventCountry "CZE"]
[SourceTitle "playchess.com"]
[Source "ChessBase"]
[SourceQuality "1"]
[TimeControl "40/5400+30:1800+30"]

1. d4 d5 2. c4 e6 3. Nf3 Nf6 4. Nc3 Be7 5. Bf4 Nbd7 6. cxd5 exd5 7. h3 c6 8. e3 O-O 9. Bd3 Re8 10. O-O Nf8 11. Ne5 Ng6 12. Bh2 Be6 13. f4 Bc8 14. Qf3 Nh4 15. Qf2 Nf5 16. g4 Nd6 17. Rae1 h5 18. Qg2 hxg4 19. hxg4 Nfe4 20. Nf3 f5 21. g5 Be6 22. Ne5 Nf7 23. Bxe4 Nxe5 24. Bxd5 Bxd5 25. Nxd5 Nc4 26. Nc3 Bb4 27. Rf3 Qa5 28. Re2 Bxc3 29. bxc3 Qxc3 30. Qf2 Nd6 31. Rc2 Qa3 32. Qe2 g6 33. Bg3 Re7 34. e4 Qa4 35. e5 Ne4 36. Qc4+ Qxc4 37. Rxc4 Nd2 38. Rfc3 Nxc4 39. Rxc4 Rd8 40. Be1 Kf7 41. Bb4 Red7 42. Bc5 Rh8 43. Bd6 Ke6 44. Ra4 Rdh7 45. Rxa7 Rh1+ 46. Kg2 R1h2+ 47. Kg1 Rb2 48. Ra3 Rhh2 49. Rf3 Rbg2+ 50. Kf1 Rxa2 51. Kg1 Rhd2 52. Bc5 Kd5 53. e6 Ke4 54. Rf2 Rxf2 55. e7 Kf3 56. e8=N Ra1# 0-1

[Event "Czech Youth U16 Girls 2024"]
[Site "Kouty nad Desnou"]
[Date "2024.03.10"]
[Round "2.2"]
[White "Dorazilova, Kristyna"]
[Black "Brezikova, Beata"]
[Result "0-1"]
[ECO "C70"]
[WhiteElo "1722"]
[BlackElo "1804"]
[Annotator "NA RC"]
[PlyCount "66"]
[EventDate "2024.03.10"]
[EventType "swiss"]
[EventCountry "CZE"]
[SourceTitle "playchess.com"]
[Source "ChessBase"]
[SourceQuality "1"]
[TimeControl "40/5400+30:1800+30"]

1. e4 e5 2. Nf3 Nc6 3. Bb5 a6 4. Ba4 Nge7 5. O-O g6 6. c3 Bg7 7. d4 exd4 8. cxd4 b5 9. Bc2 O-O 10. Be3 d6 11. h3 Bb7 12. Nc3 Na5 13. b3 Rc8 14. Qd2 c5 15. d5 b4 16. Ne2 Bxa1 17. Rxa1 Rb8 18. Bh6 Re8 19. Ng5 Bc8 20. Qf4 f5 21. g4 Nxd5 22. exd5 Rxe2 23. gxf5 Qf6 24. Rc1 Bxf5 25. Ne6 Qe5 26. Bxf5 Qxf5 27. Qg3 Rxa2 28. Rxc5 Nxb3 29. Rc6 Qxd5 30. Qxd6 Ra1+ 31. Kh2 Rh1+ 32. Kg3 Rg1+ 33. Kf4 Qf5+ 0-1

[Event "Czech Youth U16 Girls 2024"]
[Site "Kouty nad Desnou"]
[Date "2024.03.10"]
[Round "2.3"]
[White "Hetfleischova, Elen"]
[Black "Sikorova, Jana"]
[Result "0-1"]
[ECO "B28"]
[WhiteElo "1699"]
[BlackElo "1788"]
[Annotator "NA RC"]
[PlyCount "78"]
[EventDate "2024.03.10"]
[EventType "swiss"]
[EventCountry "CZE"]
[SourceTitle "playchess.com"]
[Source "ChessBase"]
[SourceQuality "1"]
[TimeControl "40/5400+30:1800+30"]

1. e4 c5 2. Nf3 a6 3. c3 d5 4. exd5 Qxd5 5. d4 e6 6. Be3 cxd4 7. cxd4 Nf6 8. Nc3 Qd6 9. Be2 Nc6 10. a3 Be7 11. Qd2 b5 12. Bf4 Qd8 13. b4 Bb7 14. O-O Rc8 15. Rfd1 O-O 16. Bd3 Nd5 17. Rac1 Bf6 18. Be3 Nxc3 19. Rxc3 Ne7 20. Bb1 Rxc3 21. Qxc3 Bxf3 22. gxf3 Qd7 23. Qd3 g6 24. Bf4 Rd8 25. Be5 Bg7 26. Bxg7 Kxg7 27. Ba2 Nd5 28. Bb3 Rc8 29. Qd2 Nc3 30. Re1 Qc6 31. Kg2 Nd5 32. Qg5 Qc3 33. Qe5+ f6 34. Qd6 Qxe1 35. Qd7+ Kh6 36. Qxc8 Nf4+ 37. Kg3 Ne2+ 38. Kh3 Qf1+ 39. Kh4 g5+ 0-1

[Event "Czech Youth U16 Girls 2024"]
[Site "Kouty nad Desnou"]
[Date "2024.03.10"]
[Round "2.4"]
[White "Vacekova, Anita"]
[Black "Janouskova, Adela"]
[Result "1-0"]
[ECO "B77"]
[WhiteElo "1783"]
[BlackElo "1684"]
[Annotator "NA RC"]
[PlyCount "129"]
[EventDate "2024.03.10"]
[EventType "swiss"]
[EventCountry "CZE"]
[SourceTitle "playchess.com"]
[Source "ChessBase"]
[SourceQuality "1"]
[TimeControl "40/5400+30:1800+30"]

1. e4 c5 2. Nf3 Nc6 3. d4 cxd4 4. Nxd4 Nf6 5. Nc3 g6 6. Be3 Bg7 7. Bc4 O-O 8. Qd2 d6 9. f3 Bd7 10. h4 h5 11. O-O-O Rb8 12. g4 Ne5 13. Bb3 b5 14. Bg5 hxg4 15. Bxf6 Bxf6 16. Nd5 Bg7 17. h5 Nc4 18. Qg5 f6 19. Qxg6 Qe8 20. Nf5 Bxf5 21. exf5 Qxg6 22. Nxe7+ Kf7 23. Nxg6 Bh6+ 24. Kb1 Rfd8 25. fxg4 d5 26. Rhe1 Rb7 27. Re2 Rdd7 28. Bxc4 dxc4 29. Rxd7+ Rxd7 30. a3 Bg5 31. Ka2 Bh6 32. Re4 Bg5 33. a4 a6 34. Re6 Ra7 35. Ka3 Bd2 36. c3 bxa4 37. Kxa4 Rb7 38. Rc6 Rxb2 39. Rxc4 Kg7 40. Rc7+ Kh6 41. Nh8 Kg5 42. Nf7+ Kxg4 43. h6 Bxh6 44. Nxh6+ Kg5 45. Rh7 Rc2 46. Kb3 Rc1 47. Kb2 Rd1 48. c4 Rd4 49. Kc3 Rd1 50. Kb4 Rc1 51. c5 a5+ 52. Kb5 a4 53. c6 a3 54. Ra7 Kxh6 55. Rxa3 Kg5 56. Kb6 Kxf5 57. Ra5+ Ke6 58. Kb7 Rb1+ 59. Kc8 f5 60. c7 f4 61. Kd8 Rd1+ 62. Ke8 Rc1 63. Ra6+ Kf5 64. Kd7 f3 65. Rc6 1-0

[Event "Czech Youth U16 Girls 2024"]
[Site "Kouty nad Desnou"]
[Date "2024.03.10"]
[Round "2.5"]
[White "Cinkova, Vicky"]
[Black "Dobsa, Emma"]
[Result "0-1"]
[ECO "C49"]
[WhiteElo "1682"]
[BlackElo "1750"]
[Annotator "NA RC"]
[PlyCount "92"]
[EventDate "2024.03.10"]
[EventType "swiss"]
[EventCountry "CZE"]
[SourceTitle "playchess.com"]
[Source "ChessBase"]
[SourceQuality "1"]
[TimeControl "40/5400+30:1800+30"]

1. e4 e5 2. Nf3 Nc6 3. Nc3 Nf6 4. Bb5 Bb4 5. O-O O-O 6. Bxc6 dxc6 7. d3 Re8 8. Bd2 Bd6 9. Qe2 Bg4 10. h3 Be6 11. Nh2 a5 12. f4 exf4 13. Bxf4 Bxf4 14. Rxf4 b5 15. Raf1 a4 16. e5 Nd5 17. Nxd5 Bxd5 18. a3 Qg5 19. Rf5 Qg6 20. Qg4 Qxg4 21. Nxg4 Be6 22. R5f4 c5 23. Re1 Red8 24. Nf2 Rd7 25. Ne4 Rd4 26. Ref1 Rd5 27. Ng5 Rxe5 28. Nxf7 Re2 29. Ng5 Bd5 30. R4f2 Rxf2 31. Rxf2 h6 32. Nf3 b4 33. Ne5 bxa3 34. bxa3 Rb8 35. c4 Be6 36. Ra2 Bf5 37. g4 Re8 38. Re2 Bxd3 39. Rd2 Rxe5 40. Rxd3 Re4 41. Rc3 Kf7 42. Kf2 Ke6 43. Kf3 Ke5 44. h4 Kd4 45. Rc1 Re3+ 46. Kf4 Rxa3 0-1

[Event "Czech Youth U16 Girls 2024"]
[Site "Kouty nad Desnou"]
[Date "2024.03.10"]
[Round "2.6"]
[White "Kavanova, Anezka"]
[Black "Lackova, Ludmila"]
[Result "1/2-1/2"]
[ECO "C15"]
[WhiteElo "1661"]
[BlackElo "1652"]
[Annotator "NA RC"]
[PlyCount "77"]
[EventDate "2024.03.10"]
[EventType "swiss"]
[EventCountry "CZE"]
[SourceTitle "playchess.com"]
[Source "ChessBase"]
[SourceQuality "1"]
[TimeControl "40/5400+30:1800+30"]

1. e4 e6 2. d4 d5 3. Nc3 Bb4 4. Nge2 dxe4 5. a3 Bxc3+ 6. Nxc3 h6 7. Nxe4 Nf6 8. Bd3 Nbd7 9. O-O O-O 10. Qf3 Nxe4 11. Bxe4 Nf6 12. Bxb7 Bxb7 13. Qxb7 Qxd4 14. Qxc7 Rfc8 15. Qg3 Rxc2 16. Bxh6 Ne4 17. Qe3 Qxe3 18. Bxe3 Rxb2 19. Bd4 Rb7 20. Rab1 Rd7 21. Be3 Rad8 22. g3 Nd2 23. Bxd2 Rxd2 24. Rb7 R8d7 25. Rfb1 R2d3 26. a4 R3d5 27. Rb8+ Kh7 28. R8b7 Kg6 29. Kf1 Rxb7 30. Rxb7 Ra5 31. Rb4 f6 32. Ke2 Re5+ 33. Kd3 Rf5 34. Ke3 Rc5 35. Kd3 Rf5 36. Rg4+ Kh6 37. Ke3 Rd5 38. Re4 e5 39. f4 1/2-1/2

[Event "Czech Youth U16 Girls 2024"]
[Site "Kouty nad Desnou"]
[Date "2024.03.10"]
[Round "2.7"]
[White "Holatova, Irena"]
[Black "Zadrapova, Amalie"]
[Result "0-1"]
[ECO "C55"]
[WhiteElo "1608"]
[BlackElo "1857"]
[Annotator "NA RC"]
[PlyCount "96"]
[EventDate "2024.03.10"]
[EventType "swiss"]
[EventCountry "CZE"]
[SourceTitle "playchess.com"]
[Source "ChessBase"]
[SourceQuality "1"]
[TimeControl "40/5400+30:1800+30"]

1. e4 e5 2. Nf3 Nc6 3. d4 exd4 4. Bc4 Nf6 5. e5 d5 6. Bb5 Ne4 7. Nxd4 Bd7 8. Bxc6 bxc6 9. O-O Bc5 10. f3 Ng5 11. f4 Ne4 12. Be3 Bb6 13. Nd2 Nxd2 14. Qxd2 c5 15. Ne2 d4 16. Bf2 Bc6 17. Qd3 Qd5 18. Qf3 Qxf3 19. gxf3 Bxf3 20. Ng3 Bd5 21. c3 d3 22. Rfd1 c4 23. b3 h5 24. bxc4 Bxc4 25. a4 h4 26. Nf5 g5 27. a5 Bxf2+ 28. Kxf2 gxf4 29. Kf3 Rd8 30. Rd2 f6 31. exf6 Kf7 32. Kxf4 Kxf6 33. Ne3 Ba6 34. Rg1 Rhf8 35. Rg5 Bc8 36. Nd5+ Ke6+ 37. Ke4 c6 38. Rg6+ Kd7 39. Rg7+ Kd6 40. Nf4 Bf5+ 41. Kf3 Kc5 42. Rxa7 Kc4 43. Rb7 Kxc3 44. Rbb2 Rb8 45. Ra2 Rb4 46. a6 Bh7 47. a7 Rbxf4+ 48. Kg2 Rg8+ 0-1

[Event "Czech Youth U16 Girls 2024"]
[Site "Kouty nad Desnou"]
[Date "2024.03.10"]
[Round "2.8"]
[White "Dudkova, Josefina"]
[Black "Souralova, Jana"]
[Result "1-0"]
[ECO "A13"]
[WhiteElo "1796"]
[BlackElo "1597"]
[Annotator "NA RC"]
[PlyCount "51"]
[EventDate "2024.03.10"]
[EventType "swiss"]
[EventCountry "CZE"]
[SourceTitle "playchess.com"]
[Source "ChessBase"]
[SourceQuality "1"]
[TimeControl "40/5400+30:1800+30"]

1. c4 e6 2. Nc3 d5 3. cxd5 exd5 4. d4 Nf6 5. g3 Bf5 6. Bg2 c6 7. Nf3 Bd6 8. O-O O-O 9. Nh4 Qd7 10. Nxf5 Qxf5 11. f3 Qh5 12. e4 dxe4 13. Nxe4 Nxe4 14. fxe4 Qxd1 15. Rxd1 Nd7 16. d5 Rac8 17. dxc6 Rxc6 18. e5 Bc5+ 19. Kf1 Rc7 20. Bf4 Nb6 21. Rac1 Rd7 22. Rxd7 Nxd7 23. Bh3 b6 24. Bxd7 Rd8 25. Rd1 Kf8 26. Bg5 1-0

[Event "Czech Youth U16 Girls 2024"]
[Site "Kouty nad Desnou"]
[Date "2024.03.10"]
[Round "2.9"]
[White "Dlaskova, Eliska"]
[Black "Mikesova, Lenka"]
[Result "0-1"]
[ECO "C44"]
[WhiteElo "1526"]
[BlackElo "1665"]
[Annotator "NA RC"]
[PlyCount "60"]
[EventDate "2024.03.10"]
[EventType "swiss"]
[EventCountry "CZE"]
[SourceTitle "playchess.com"]
[Source "ChessBase"]
[SourceQuality "1"]
[TimeControl "40/5400+30:1800+30"]

1. e4 e5 2. Nf3 Nc6 3. d4 exd4 4. Nxd4 Nf6 5. Nc3 Bb4 6. f3 O-O 7. Be2 d6 8. O-O Nxd4 9. Qxd4 Bc5 10. Qxc5 dxc5 11. Bg5 h6 12. Rad1 Qe7 13. Nd5 Qe5 14. Bxf6 gxf6 15. c3 Kg7 16. f4 Qxe4 17. Bf3 Qa4 18. Be2 c6 19. Ne3 Be6 20. Rf3 Rad8 21. Rdf1 f5 22. g4 fxg4 23. Rg3 f5 24. h3 Kh8 25. hxg4 fxg4 26. f5 Bxa2 27. Ra1 Qf4 28. Kg2 Rd2 29. Re1 Bd5+ 30. Nxd5 cxd5 0-1

[Event "Czech Youth U16 Girls 2024"]
[Site "Kouty nad Desnou"]
[Date "2024.03.10"]
[Round "2.10"]
[White "Stavova, Marketa"]
[Black "Urvalkova, Ema"]
[Result "1/2-1/2"]
[ECO "B31"]
[WhiteElo "1641"]
[BlackElo "1496"]
[Annotator "NA RC"]
[PlyCount "91"]
[EventDate "2024.03.10"]
[EventType "swiss"]
[EventCountry "CZE"]
[SourceTitle "playchess.com"]
[Source "ChessBase"]
[SourceQuality "1"]
[TimeControl "40/5400+30:1800+30"]

1. e4 c5 2. Nf3 Nc6 3. Bb5 g6 4. O-O Bg7 5. Re1 e5 6. b4 Qb6 7. Bxc6 bxc6 8. bxc5 Qxc5 9. Ba3 Qa5 10. Bd6 Nh6 11. Nc3 f6 12. Rb1 Nf7 13. Bb4 Qd8 14. d4 d6 15. dxe5 fxe5 16. Qd3 O-O 17. Ba3 c5 18. Nd5 Be6 19. c4 Bxd5 20. exd5 a6 21. Bc1 Qa5 22. Qc2 Rab8 23. Bd2 Qc7 24. Qa4 Qa7 25. Rb3 Rxb3 26. axb3 Qb7 27. Rb1 Rb8 28. Qa2 e4 29. Ng5 Nxg5 30. Bxg5 Bd4 31. Qe2 Re8 32. Be3 a5 33. Bxd4 cxd4 34. Qd2 Qb6 35. b4 e3 36. fxe3 dxe3 37. Qe2 axb4 38. Rb3 Re4 39. g3 Qc5 40. Kf1 Rxc4 41. Qxe3 Rc1+ 42. Kf2 Qc2+ 43. Qe2 Qxb3 44. Qe8+ Kg7 45. Qe7+ Kh6 46. Qh4+ 1/2-1/2

[Event "Czech Youth U16 Girls 2024"]
[Site "Kouty nad Desnou"]
[Date "2024.03.11"]
[Round "3.1"]
[White "Brezikova, Beata"]
[Black "Vacekova, Anita"]
[Result "1-0"]
[ECO "C58"]
[WhiteElo "1804"]
[BlackElo "1783"]
[Annotator "NA RC"]
[PlyCount "107"]
[EventDate "2024.03.10"]
[EventType "swiss"]
[EventCountry "CZE"]
[SourceTitle "playchess.com"]
[Source "ChessBase"]
[SourceQuality "1"]
[TimeControl "40/5400+30:1800+30"]

1. e4 e5 2. Nf3 Nc6 3. Bc4 Nf6 4. Ng5 d5 5. exd5 Na5 6. Bb5+ c6 7. dxc6 bxc6 8. Qf3 Bd7 9. Bd3 {[%emt 0:03:34] C58: Two Knights: 4 Ng5 d5 5 exd5 Na5 sidelines.} h6 10. Ne4 Be7 11. O-O O-O 12. Nxf6+ Bxf6 13. Nc3 g6 14. Be2 Nb7 15. d3 Bg7 16. Qg3 Nd6 17. f4 Nf5 18. Qf2 exf4 19. Qxf4 Re8 20. Bg4 Be5 21. Qf3 h5 22. Bh3 Qb6+ 23. Kh1 c5 24. Ne4 Rf8 (24... Qc6 $14) 25. Qf2 Bd4 26. Qe1 f6 27. c3 Be5 28. Qf2 Rac8 29. Rb1 Bb5 30. Bxf5 gxf5 31. Qxf5 Bxd3 32. Qg6+ Kh8 33. Qxh5+ Kg8 34. Qg6+ Kh8 35. Rf3 Qe6 36. Rh3+ Qxh3 37. gxh3 Bxb1 38. Qh5+ Kg8 39. Ng3 Bxg3 (39... Rb8 $16 40. a4 Rfd8) 40. hxg3 Rfe8 41. Bh6 Re1+ 42. Kg2 Rce8 43. Qg4+ Kf7 44. Qg7+ Ke6 45. Qxa7 Kd5 $2 (45... Be4+ $18 46. Kf2 Rh1) 46. Qf7+ $2 (46. Qd7+ {mates} Ke5 47. Qxe8+ Kd6 48. Qxe1 Bg6 49. Bf8+ Kd5 50. Qd2+ Kc6 51. Qd6+ Kb7 52. Qd7+ (52. Qxf6 Be4+ 53. Kh2 Bd5 54. Bxc5 Be4 55. Qe7+ Kc6 56. Qd6+ Kb7 57. Qd7+ Kb8 58. Bd6+ Ka8 59. Qc8+ Ka7 60. Bc5#) (52. Qd5+ Kc7 53. Bd6+ Kd7 54. Bf4+ Ke7 55. Qd6+ Ke8 56. Qe6+ Kd8 57. Bd6 Be4+ 58. Kf2 Bg6 59. Qe7+ Kc8 60. Qc7#) 52... Kb6 53. Bd6) 46... R8e6 47. Qb7+ $18 (47. Qd7+ $142 Rd6 48. c4+ Kxc4 49. Qxd6 Re2+ 50. Kf3 Rxb2 51. Qxf6) 47... Rc6 48. c4+ Kd4 49. Qd7+ Kxc4 50. b3+ Kb5 51. Qb7+ Rb6 52. a4+ Kb4 53. Qxb6+ Kc3 54. Qa5+ 1-0